[Event "Titled Tuesday Blitz January 31 Late 2023"]
[White "Akobian, Varuzhan"]
[Black "Yoo, Christopher Woojin"]
[WhiteFideId "13300580"]
[BlackFideId "30909694"]
[WhiteElo "2591"]
[BlackElo "2607"]
[Result "0-1"]
[Round "06"]
[TimeControl "180+2"]
[Date "2023.01.31"]
[WhiteClock "0:00:05"]
[BlackClock "0:00:13"]

1. d4 Nf6 2. c4 e6 3. Nf3 d5 4. cxd5 exd5 5. Nc3 Bb4 6. Qa4+ Nc6 7. Bg5 h6 8. Bxf6 Qxf6 9. e3 O-O 10. Rc1 Qg6 11. Qd1 Bg4 12. Be2 Rfe8 13. a3 Bxc3+ 14. Rxc3 h5 15. O-O Bh3 16. Ne1 Bg4 17. Nf3 Rad8 18. Qc2 Bf5 19. Bd3 Bxd3 20. Qxd3 Qxd3 21. Rxd3 Na5 22. Rc1 Nc4 23. b3 Nxa3 24. Rxc7 Rc8 25. Rdc3 Rb8 26. R3c5 b6 27. Rxd5 Rec8 28. Rxc8+ Rxc8 29. h4 a5 30. Ng5 b5 31. Rd7 Ra8 32. d5 a4 33. bxa4 bxa4 34. Ne4 Nb5 0-1


[Site "https://www.chess.com"]

[Event "Titled Tuesday Blitz January 31 Late 2023"]
[White "Kamsky, Gata"]
[Black "Cardoso Cardoso, Jose Gabriel"]
[WhiteFideId "2000024"]
[BlackFideId "4430492"]
[WhiteElo "2665"]
[BlackElo "2492"]
[Result "1-0"]
[Round "06"]
[TimeControl "180+2"]
[Date "2023.01.31"]
[WhiteClock "0:00:09"]
[BlackClock "0:00:05"]

1. d4 g6 2. c3 d6 3. Nf3 Nf6 4. Bf4 Nbd7 5. h3 Bg7 6. Nbd2 c5 7. e3 b6 8. Bd3 Bb7 9. O-O O-O 10. e4 e5 11. dxe5 Nxe5 12. Bxe5 dxe5 13. Qc2 Qc7 14. a4 a6 15. Rfe1 Rad8 16. Bf1 Rfe8 17. Qb3 Rb8 18. Qc2 Bc8 19. c4 Bb7 20. Nb1 Nh5 21. Nc3 Nf4 22. Nd5 Qc6 23. a5 bxa5 24. Rxa5 Ne6 25. Rea1 Qd6 26. Rd1 Nd4 27. Nxd4 exd4 28. Bd3 h5 29. Qd2 h4 30. Raa1 Re6 31. b3 Ree8 32. Qg5 Bxd5 33. cxd5 Rxb3 34. Qxh4 Rc3 35. Rxa6 Qb8 36. Bf1 c4 37. d6 d3 38. d7 Rf8 39. Qe7 Qd8 40. Qd6 Rc2 41. Rc6 Qh4 42. g3 Qd8 43. Bxd3 cxd3 44. Rxd3 Rxc6 45. Qxc6 Bf6 46. Kg2 Be7 47. h4 Qb8 48. Qd5 Rd8 49. Rf3 Rf8 50. h5 gxh5 51. Qxh5 Qb6 52. Rf4 Bf6 53. Rg4+ Bg7 54. Qg5 Qg6 55. Qxg6 fxg6 56. Rxg6 Rd8 57. Rd6 Kf7 58. f4 Ke7 59. e5 Rb8 60. Kf3 Kd8 61. g4 Rb7 62. Ke4 Rxd7 63. Rxd7+ Kxd7 64. Kf5 Ke8 65. Kg6 Bf8 66. Kf6 Bb4 67. f5 Bc3 68. g5 Kf8 69. g6 Bb2 70. Ke6 Bd4 71. f6 Bb2 72. Kf5 Ba3 73. e6 Bb2 74. g7+ Kg8 75. Kg6 Bxf6 76. Kxf6 Kh7 77. Kf7 Kh6 78. g8=Q Kh5 79. Qg3 Kh6 80. e7 1-0


[Site "https://www.chess.com"]

[Event "Titled Tuesday Blitz January 31 Late 2023"]
[White "Leiva, Gianmarco"]
[Black "Tari, Aryan"]
[WhiteFideId "3804399"]
[BlackFideId "1510045"]
[WhiteElo "2392"]
[BlackElo "2642"]
[Result "0-1"]
[Round "06"]
[TimeControl "180+2"]
[Date "2023.01.31"]
[WhiteClock "0:00:10"]
[BlackClock "0:00:13"]

1. e4 e5 2. Nf3 Nc6 3. Bc4 Nf6 4. d3 Be7 5. O-O O-O 6. c3 d6 7. Bb3 Kh8 8. Re1 Ng8 9. d4 f5 10. exf5 Bxf5 11. dxe5 dxe5 12. Qxd8 Raxd8 13. Nbd2 Bc5 14. Ng5 Nh6 15. Nde4 Bb6 16. Be3 Bxe4 17. Nxe4 Nf5 18. Bc5 Rfe8 19. Rad1 h6 20. Kf1 Rxd1 21. Rxd1 Rd8 22. Ke2 g5 23. Bd5 Ncd4+ 24. cxd4 Rxd5 25. Bxb6 axb6 26. dxe5 Rxe5 27. f3 Nd6 28. Ke3 Nf5+ 29. Kf2 Re7 30. Rd8+ Kg7 31. Rb8 c6 32. Rd8 Nh4 33. Nd6 Kf6 34. a4 Ke6 35. Nc4 b5 36. Rd6+ Kf7 37. axb5 cxb5 38. Ne3 Rxe3 39. Kxe3 Nf5+ 40. Ke4 Nxd6+ 41. Kd5 Nc4 42. b4 Kf6 43. Kc5 Na3 44. Kb6 Ke5 45. Kxb7 Nc2 46. Kc6 Nxb4+ 47. Kxb5 Nd3 48. Kc4 Ne1 49. g3 Nxf3 50. Kd3 Nxh2 51. Ke3 Ng4+ 52. Kf3 h5 53. Kg2 Ke4 54. Kh3 Ne3 55. Kh2 Kf3 56. Kh3 Nf5 57. g4 hxg4+ 58. Kh2 g3+ 59. Kh3 g4# 0-1


[Site "https://www.chess.com"]

[Event "Titled Tuesday Blitz January 31 Late 2023"]
[White "Grigoriants, Sergey"]
[Black "Suder, Jakub"]
[WhiteFideId "4130804"]
[BlackFideId "1195310"]
[WhiteElo "2562"]
[BlackElo "2244"]
[Result "0-1"]
[Round "06"]
[TimeControl "180+2"]
[Date "2023.01.31"]
[WhiteClock "0:00:02"]
[BlackClock "0:00:26"]

1. d4 d5 2. c4 e6 3. Nc3 a6 4. cxd5 exd5 5. Nf3 Nf6 6. Bg5 Be6 7. e3 Nbd7 8. Bd3 Bd6 9. Bf4 Be7 10. h3 h6 11. O-O O-O 12. Rc1 Re8 13. Bb1 Rc8 14. Qe2 c5 15. dxc5 Nxc5 16. Rfd1 Qb6 17. Nd4 Bd7 18. Nf5 Bxf5 19. Bxf5 Rcd8 20. Bb1 Bd6 21. Nxd5 Nxd5 22. Rxd5 Bxf4 23. Rdxc5 Bd6 24. R5c4 g6 25. h4 h5 26. g4 hxg4 27. Rxg4 Be5 28. b3 Bg7 29. Qf3 Re5 30. Rf4 f5 31. h5 Bh6 32. Rfc4 f4 33. Bxg6 Rf8 34. e4 Rg5+ 35. Kf1 Bg7 36. Rc8 Qb5+ 37. R8c4 Qd7 38. a4 b5 39. Rc7 Qd2 40. Rd1 Qb2 41. Rdd7 Bd4 0-1


[Site "https://www.chess.com"]

[Event "Titled Tuesday Blitz January 31 Late 2023"]
[White "Kowalski, Igor"]
[Black "Hasanagic, Anel"]
[WhiteFideId "1172468"]
[BlackFideId "14605791"]
[WhiteElo "2380"]
[BlackElo "2243"]
[Result "0-1"]
[Round "06"]
[TimeControl "180+2"]
[Date "2023.01.31"]
[WhiteClock "0:01:35"]
[BlackClock "0:01:23"]

1. d4 f5 2. g4 fxg4 3. h3 g3 4. fxg3 g6 5. h4 Bg7 6. h5 d5 7. c4 c6 8. Nc3 dxc4 9. Nf3 Bg4 10. hxg6 hxg6 11. Rxh8 Bxh8 12. Qc2 Bf5 13. e4 Bg4 14. Ne5 Bxe5 15. dxe5 Nd7 16. Bxc4 Nxe5 17. Bxg8 Qb6 18. Qg2 O-O-O 19. Bb3 Nd3+ 20. Kf1 Bh3 21. Bf4 Bxg2+ 22. Kxg2 Qf2+ 23. Kh3 Nxf4+ 0-1


[Site "https://www.chess.com"]

[Event "Titled Tuesday Blitz January 31 Late 2023"]
[White "Kleiman, Jake"]
[Black "Yuan, Qingyu"]
[WhiteFideId "2020041"]
[BlackFideId "8609772"]
[WhiteElo "2399"]
[BlackElo "2373"]
[Result "0-1"]
[Round "06"]
[TimeControl "180+2"]
[Date "2023.01.31"]
[WhiteClock "0:00:30"]
[BlackClock "0:00:36"]

1. e4 e5 2. Nf3 Nc6 3. Bc4 Bc5 4. c3 Nf6 5. d3 O-O 6. O-O d5 7. exd5 Nxd5 8. Re1 Bg4 9. Nbd2 Nb6 10. Bb5 f6 11. a4 Ne7 12. a5 c6 13. axb6 cxb5 14. bxa7 Bxa7 15. Ra3 Qxd3 16. Qb3+ Qd5 17. h3 Be6 18. Qc2 Qc6 19. Qb1 Bb6 20. Rxa8 Rxa8 21. Ne4 Bd5 22. Nfd2 f5 23. Ng3 Bxg2 24. Rxe5 Bxh3 25. Nde4 fxe4 26. Rxe7 Qf6 0-1


[Site "https://www.chess.com"]

[Event "Titled Tuesday Blitz January 31 Late 2023"]
[White "Karolczuk, Iwo"]
[Black "Andreassen, Lars"]
[WhiteFideId "21816972"]
[BlackFideId "1504878"]
[WhiteElo "2343"]
[BlackElo "2168"]
[Result "1-0"]
[Round "06"]
[TimeControl "180+2"]
[Date "2023.01.31"]
[WhiteClock "0:00:33"]
[BlackClock "0:00:20"]

1. e4 d5 2. exd5 Nf6 3. Bb5+ Nbd7 4. c4 a6 5. Ba4 b5 6. cxb5 Nxd5 7. Ne2 N5b6 8. Bb3 axb5 9. O-O e6 10. d4 Bb7 11. Bf4 Bd6 12. Bxd6 cxd6 13. Nbc3 b4 14. Nb5 Qb8 15. Qd2 O-O 16. Qxb4 d5 17. Rfc1 Ba6 18. a4 Rc8 19. Rxc8+ Qxc8 20. Rc1 Qb8 21. h3 h6 22. Rc3 Nf6 23. Ng3 h5 24. Nc7 Ra7 25. Nxa6 Rxa6 26. a5 h4 27. Nf1 Ne4 28. Rc2 Nd6 29. Rc6 Ndc8 30. axb6 Rxb6 31. Rxb6 Nxb6 32. Ne3 Qa7 33. Qa3 Qc7 34. Qc5 Qb7 35. Bd1 Nd7 36. Qc3 Nf6 37. Bc2 Qa7 38. Qc8+ 1-0


[Site "https://www.chess.com"]

[Event "Titled Tuesday Blitz January 31 Late 2023"]
[White "Kouskoutis, Georgios-Alexandros"]
[Black "Makhnev, Denis"]
[WhiteFideId "4234049"]
[BlackFideId "13707647"]
[WhiteElo "2295"]
[BlackElo "2483"]
[Result "0-1"]
[Round "06"]
[TimeControl "180+2"]
[Date "2023.01.31"]
[WhiteClock "0:00:02"]
[BlackClock "0:01:42"]

1. c4 e5 2. g3 c6 3. Bg2 d5 4. cxd5 cxd5 5. d4 e4 6. Nc3 Nf6 7. Bg5 Nbd7 8. e3 h6 9. Bxf6 Nxf6 10. Nge2 Bd7 11. O-O Be7 12. Nf4 Bc6 13. Nh5 O-O 14. Nxf6+ Bxf6 15. f3 exf3 16. Qxf3 Qe7 17. Rae1 Rad8 18. Qf5 Qe6 19. Qxe6 fxe6 20. h4 g5 21. hxg5 Bxg5 22. Bh3 Rde8 23. Rxf8+ Kxf8 24. Kf2 Ke7 25. Ke2 Rg8 26. Rg1 Bf6 27. Kf2 b5 28. Ne2 Kd6 29. Nf4 Bd7 30. Rc1 a5 31. Bf1 e5 32. dxe5+ Bxe5 33. b3 Bc6 34. Bg2 Rg5 35. Rh1 Bg7 36. Rh5 a4 37. bxa4 bxa4 38. Rxg5 hxg5 39. Nd3 Bb5 40. Ke2 Bc4 41. a3 Bb2 42. Kd2 Bxa3 43. Bh3 Ke7 44. Bf5 Bd6 45. g4 a3 46. Nc1 a2 47. Nxa2 Bxa2 48. e4 d4 49. Kd3 Be5 50. Bg6 Kd6 51. Bf5 Kc5 0-1


[Site "https://www.chess.com"]

[Event "Titled Tuesday Blitz January 31 Late 2023"]
[White "Cori T., Deysi"]
[Black "Predke, Alexandr"]
[WhiteFideId "3801934"]
[BlackFideId "24107581"]
[WhiteElo "2362"]
[BlackElo "2685"]
[Result "0-1"]
[Round "06"]
[TimeControl "180+2"]
[Date "2023.01.31"]
[WhiteClock "0:00:05"]
[BlackClock "0:00:09"]

1. d4 Nf6 2. Nf3 b5 3. Bg5 Ne4 4. Bh4 Bb7 5. Nbd2 g6 6. e3 a6 7. a4 b4 8. Bd3 d5 9. Ne5 Nd7 10. Nxe4 dxe4 11. Bc4 Nxe5 12. dxe5 Bg7 13. e6 f5 14. Qd7+ Qxd7 15. exd7+ Kxd7 16. O-O-O+ Ke8 17. Be6 Bc6 18. b3 Be5 19. Rd2 f4 20. Rhd1 Bd6 21. Bg5 Rf8 22. Rd4 f3 23. g3 h5 24. Rc4 Bb7 25. h4 a5 26. Kd2 Ra6 27. Ke1 Rc6 28. Rxc6 Bxc6 29. Rd4 Bb7 30. Rc4 c5 31. c3 Kd8 32. cxb4 axb4 33. Rc2 Kc7 34. g4 hxg4 35. Bxg4 Bd5 0-1


[Site "https://www.chess.com"]

[Event "Titled Tuesday Blitz January 31 Late 2023"]
[White "Liu, Eric"]
[Black "Ivic, Velimir"]
[WhiteFideId "30960240"]
[BlackFideId "950122"]
[WhiteElo "2299"]
[BlackElo "2595"]
[Result "1-0"]
[Round "06"]
[TimeControl "180+2"]
[Date "2023.01.31"]
[WhiteClock "0:01:23"]
[BlackClock "0:01:37"]

1. Nf3 Nf6 2. b3 g6 3. Bb2 Bg7 4. g3 O-O 5. Bg2 d6 6. O-O e5 7. c4 Nc6 8. d4 e4 9. Nfd2 e3 10. fxe3 Ng4 11. Rf3 Re8 12. Nf1 f5 13. h3 Nf6 14. Nc3 g5 15. Rf2 Ne7 16. e4 fxe4 17. Nxe4 Nxe4 18. Bxe4 Bxh3 19. Qd3 h6 20. Bxb7 Rb8 21. Bg2 Bxg2 22. Kxg2 d5 23. Ba3 Nc6 24. e3 Qd7 25. Nh2 Ne7 26. Raf1 Qc6 27. Kg1 Kh8 28. Rf7 Ng8 29. Bc5 Qe6 30. cxd5 Qxd5 31. Qg6 1-0


[Site "https://www.chess.com"]

[Event "Titled Tuesday Blitz January 31 Late 2023"]
[White "Kourkoulos-Arditis, Stamatis"]
[Black "Moroni, Luca Jr"]
[WhiteFideId "4221990"]
[BlackFideId "865834"]
[WhiteElo "2539"]
[BlackElo "2535"]
[Result "1-0"]
[Round "06"]
[TimeControl "180+2"]
[Date "2023.01.31"]
[WhiteClock "0:01:33"]
[BlackClock "0:00:28"]

1. e4 c5 2. Nf3 Nc6 3. d4 cxd4 4. Nxd4 Nf6 5. Nc3 h5 6. Bf4 g6 7. e5 Ng4 8. Nxc6 bxc6 9. h3 Nh6 10. Bc4 Bg7 11. Qd2 Nf5 12. O-O-O h4 13. g4 hxg3 14. fxg3 Qa5 15. g4 Nh4 16. Qf2 Bxe5 17. Bxe5 Qxe5 18. Qxf7+ Kd8 19. Rhe1 Qf6 20. Qxf6 exf6 21. Ne4 Rf8 22. Nd6 Kc7 23. Re7 Nf3 24. Nxc8 Raxc8 25. Rdxd7+ Kb6 26. b4 c5 27. Rb7+ Kc6 28. b5+ Kd6 29. Rbd7# 1-0


[Site "https://www.chess.com"]

[Event "Titled Tuesday Blitz January 31 Late 2023"]
[White "Ibarra Jerez, Jose Carlos"]
[Black "Denishev, Marat"]
[WhiteFideId "2226332"]
[BlackFideId "24131563"]
[WhiteElo "2563"]
[BlackElo "2255"]
[Result "1-0"]
[Round "06"]
[TimeControl "180+2"]
[Date "2023.01.31"]
[WhiteClock "0:00:51"]
[BlackClock "0:00:03"]

1. e4 c5 2. Nc3 Nc6 3. Nge2 g6 4. d4 cxd4 5. Nxd4 Bg7 6. Be3 d6 7. f3 Nf6 8. Qd2 O-O 9. O-O-O Bd7 10. g4 Rc8 11. h4 h5 12. gxh5 Nxh5 13. Rg1 Ne5 14. Kb1 Qa5 15. Nd5 Qd8 16. f4 Nc4 17. Bxc4 Rxc4 18. f5 e6 19. fxe6 fxe6 20. Nc3 Kh7 21. Qd3 Rxc3 22. Qxc3 Qxh4 23. Qc7 Rf7 24. Qxb7 e5 25. Nb3 Be6 26. Qc6 Rf3 27. Bg5 Qf2 28. Qxd6 Bf7 29. Bc1 Rg3 30. Rgf1 Qe2 31. Rxf7 Qxd1 32. Qxd1 1-0


[Site "https://www.chess.com"]

[Event "Titled Tuesday Blitz January 31 Late 2023"]
[White "Aldokhin, Ivan"]
[Black "Pakleza, Zbigniew"]
[WhiteFideId "24115720"]
[BlackFideId "1119290"]
[WhiteElo "2413"]
[BlackElo "2494"]
[Result "0-1"]
[Round "06"]
[TimeControl "180+2"]
[Date "2023.01.31"]
[WhiteClock "0:00:07"]
[BlackClock "0:00:07"]

1. e4 d6 2. d4 Nf6 3. Nc3 c6 4. Bg5 Qb6 5. Qd2 Qxb2 6. Rb1 Qa3 7. f4 e6 8. Nf3 d5 9. Bxf6 gxf6 10. exd5 cxd5 11. Bb5+ Nc6 12. O-O Bd7 13. f5 Bb4 14. Rb3 Qa5 15. Bxc6 bxc6 16. Rfb1 c5 17. a3 Bxc3 18. Rxc3 c4 19. Rb4 Qd8 20. Qh6 Qe7 21. Qg7 Rf8 22. Rb7 h5 23. Qg3 Qd8 24. Qd6 Rc8 25. Re3 Rc6 26. Qb4 Rb6 27. Rxb6 Qxb6 28. Qd2 Rg8 29. fxe6 fxe6 30. Re1 Kd8 31. Qh6 e5 32. Kf2 e4 33. Qh7 Re8 34. Nh4 Qxd4+ 35. Re3 Qd2+ 36. Re2 Qf4+ 37. Kg1 Qxh4 38. Qg7 Qg5 39. Qh7 Qc1+ 40. Kf2 Qf4+ 41. Kg1 Qc1+ 42. Kf2 Qf4+ 43. Kg1 Qe5 44. Qg7 e3 45. c3 Qxc3 46. Kf1 Qe5 47. Qh6 d4 48. Re1 d3 49. Rb1 e2+ 50. Ke1 Qc3+ 51. Qd2 Qxd2+ 52. Kxd2 Bc6 53. Rb4 Bd5 54. Rb8+ Kd7 55. Rxe8 Kxe8 56. g3 c3+ 57. Kxc3 e1=Q+ 58. Kd4 Qe4+ 59. Kc5 Qc4+ 60. Kd6 d2 61. a4 Qc6# 0-1


[Site "https://www.chess.com"]

[Event "Titled Tuesday Blitz January 31 Late 2023"]
[White "Boros, Denes"]
[Black "Iskusnyh, Sergei"]
[WhiteFideId "722340"]
[BlackFideId "4120027"]
[WhiteElo "2406"]
[BlackElo "2440"]
[Result "0-1"]
[Round "06"]
[TimeControl "180+2"]
[Date "2023.01.31"]
[WhiteClock "0:00:03"]
[BlackClock "0:00:08"]

1. d4 d5 2. Nc3 Nf6 3. Nf3 Bf5 4. Nh4 Bd7 5. g3 e6 6. Bg2 Be7 7. O-O O-O 8. b3 c5 9. dxc5 Bxc5 10. e4 dxe4 11. Nxe4 Nxe4 12. Bxe4 Bc6 13. Bxh7+ Kxh7 14. Qh5+ Kg8 15. Qxc5 Nd7 16. Qe3 Qf6 17. Ba3 Rfd8 18. Rae1 Nf8 19. Bb4 Ng6 20. Bc3 e5 21. Nxg6 Qxg6 22. Bxe5 Re8 23. Qc3 Bb5 24. Bf4 Bxf1 25. Rxf1 Re2 26. Qf3 Qe4 27. Qxe4 Rxe4 28. Rd1 Re2 29. c4 Rxa2 30. Rd7 b6 31. b4 Rc8 32. Rd4 Rc2 33. b5 R8xc4 34. Rd7 Ra4 35. Rd8+ Kh7 36. Rd7 f6 37. h4 Rb2 38. h5 Rxf4 39. gxf4 Rxb5 40. Rxa7 Rxh5 41. Kg2 Rc5 42. Kf3 b5 43. Rb7 f5 44. Ke3 Kg6 45. Kd4 Rc4+ 46. Ke3 Re4+ 47. Kf3 Rb4 48. Kg3 Kh6 49. Rb6+ g6 50. Rb7 Rb1 51. Rb8 b4 52. Kf3 b3 53. Kg3 Kg7 54. Rb6 Kf7 55. Kf3 Ke7 56. Rxg6 Kd7 57. Rb6 Kc7 58. Rb4 Kc6 59. Rb8 Kc5 60. Rc8+ Kd4 61. Rb8 Kc4 62. Rc8+ Kd3 63. Rb8 Kc2 64. Rc8+ Kd2 65. Rd8+ Kc2 66. Rc8+ Kb2 67. Ke3 Rc1 68. Rb8 Rc5 69. Kd4 Ra5 70. Kc4 Ra3 71. Kd4 Ka2 72. Ke5 Ra5+ 73. Ke6 b2 74. Ra8 Rxa8 0-1


[Site "https://www.chess.com"]

[Event "Titled Tuesday Blitz January 31 Late 2023"]
[White "Pulpan, Jakub"]
[Black "Migot, Tangi"]
[WhiteFideId "302759"]
[BlackFideId "662445"]
[WhiteElo "2427"]
[BlackElo "2373"]
[Result "1/2-1/2"]
[Round "06"]
[TimeControl "180+2"]
[Date "2023.01.31"]
[WhiteClock "0:00:16"]
[BlackClock "0:00:23"]

1. d4 Nf6 2. Nc3 d5 3. Bg5 c6 4. f3 Qb6 5. Na4 Qa5+ 6. c3 Nbd7 7. b4 Qc7 8. e3 e5 9. Bd3 Bd6 10. Ne2 O-O 11. Qc2 a5 12. b5 c5 13. dxc5 Bxc5 14. Nxc5 Qxc5 15. c4 h6 16. Bxf6 Nxf6 17. cxd5 Qxe3 18. Rd1 Bd7 19. a4 Rac8 20. Qd2 Qb6 21. Nc3 Rfe8 22. Bb1 e4 23. Nxe4 Bf5 24. Qf2 Qxf2+ 25. Kxf2 Bxe4 26. fxe4 Nxe4+ 27. Bxe4 Rxe4 28. Rc1 Rd8 29. Rhd1 Rxa4 30. d6 Rb4 31. Rc5 b6 32. Re5 Kf8 33. d7 Rf4+ 34. Kg3 Rf6 35. Rde1 Re6 36. Rxe6 fxe6 37. Rxe6 Rxd7 38. Rxb6 Rd3+ 39. Kf4 Rb3 40. Ke5 a4 41. Kd5 a3 42. Kc4 Rb2 43. Ra6 a2 44. Kc5 Ke7 45. Kc6 Kd8 46. b6 Rc2+ 47. Kd6 Kc8 48. Ra7 Kb8 49. g4 Rxh2 50. Kc6 g6 51. Rb7+ Kc8 52. Rc7+ Kb8 53. Rb7+ Kc8 54. Rc7+ Kb8 55. Rb7+ 1/2-1/2


[Site "https://www.chess.com"]

[Event "Titled Tuesday Blitz January 31 Late 2023"]
[White "Salimova, Nurgyul"]
[Black "Martinez Reyes, Pedro Ramon"]
[WhiteFideId "2915138"]
[BlackFideId "3901807"]
[WhiteElo "2391"]
[BlackElo "2376"]
[Result "1-0"]
[Round "06"]
[TimeControl "180+2"]
[Date "2023.01.31"]
[WhiteClock "0:01:00"]
[BlackClock "0:00:08"]

1. e4 e6 2. d4 d5 3. Nd2 Nf6 4. e5 Ne4 5. Nxe4 dxe4 6. Bc4 Qd7 7. Ne2 c5 8. c3 cxd4 9. cxd4 Nc6 10. O-O Na5 11. Bb3 Nxb3 12. Qxb3 b6 13. Qg3 Ba6 14. Re1 Bxe2 15. Rxe2 Qd5 16. Be3 Rc8 17. h4 g6 18. Bg5 Bg7 19. Qa3 Bf8 20. Qxa7 b5 21. Bf6 Rg8 22. a4 Ra8 23. Qb6 bxa4 24. Rc2 Be7 25. Rxa4 Bxf6 26. exf6 e3 27. Rxa8+ Qxa8 28. Qb5+ Kd8 29. Qb6+ Ke8 30. fxe3 g5 31. Qd6 Qd8 32. Rc8 1-0


[Site "https://www.chess.com"]

[Event "Titled Tuesday Blitz January 31 Late 2023"]
[White "Mikaelyan, Arman"]
[Black "Bayo Milagro, Alvaro"]
[WhiteFideId "13304852"]
[BlackFideId "22275240"]
[WhiteElo "2523"]
[BlackElo "2287"]
[Result "1-0"]
[Round "06"]
[TimeControl "180+2"]
[Date "2023.01.31"]
[WhiteClock "0:00:10"]
[BlackClock "0:00:04"]

1. a3 a6 2. h3 h6 3. e3 e6 4. Nf3 Nf6 5. d4 b6 6. c4 Bb7 7. Nc3 d5 8. cxd5 exd5 9. Bd3 Bd6 10. O-O O-O 11. Ne5 Nbd7 12. f4 c5 13. Qf3 Qe7 14. Bd2 Rfe8 15. Be1 Ne4 16. Nxe4 dxe4 17. Bxe4 Bxe4 18. Qxe4 cxd4 19. exd4 Nf6 20. Qf3 Qe6 21. Bc3 Qd5 22. Rae1 Rac8 23. Qd3 b5 24. Re3 Nh7 25. Rfe1 Nf8 26. f5 Nh7 27. Ng4 Rxe3 28. Nxe3 Qc6 29. Ng4 h5 30. Ne5 Qd5 31. Qf3 Nf6 32. Kf2 Qxf3+ 33. Nxf3 Bxa3 34. Ra1 Bxb2 35. Bxb2 Rc2+ 36. Kg3 Rxb2 37. Rxa6 Kf8 38. Ne5 Rb3+ 39. Kh4 Rb2 40. g4 hxg4 41. hxg4 Ne4 42. Ra8+ Ke7 43. Ra7+ Kd6 44. Nxf7+ Kd5 45. Rd7+ Kc6 46. Ne5+ Kb6 47. Kh3 Rb3+ 48. Kg2 Rg3+ 49. Kh2 Rc3 50. Rxg7 b4 51. f6 Rc2+ 52. Kh3 Rc3+ 53. Kh4 Rc1 54. g5 Rh1+ 55. Kg4 b3 56. f7 Rf1 57. g6 b2 58. Nc4+ Kc6 59. Nxb2 Kd5 60. Rg8 Nf6+ 61. Kg5 Ne4+ 62. Kg4 Nf6+ 63. Kg3 Ne4+ 64. Kg2 Rf2+ 65. Kg1 Rxb2 66. f8=Q Kxd4 67. Qg7+ 1-0


[Site "https://www.chess.com"]

[Event "Titled Tuesday Blitz January 31 Late 2023"]
[White "Shapiro, Viktor"]
[Black "Trost, Edvin"]
[WhiteFideId "4175700"]
[BlackFideId "1729519"]
[WhiteElo "2192"]
[BlackElo "2399"]
[Result "1-0"]
[Round "06"]
[TimeControl "180+2"]
[Date "2023.01.31"]
[WhiteClock "0:00:21"]
[BlackClock "0:00:15"]

1. c4 e6 2. Nc3 d5 3. g3 d4 4. Na4 e5 5. Bg2 Nc6 6. d3 Bb4+ 7. Bd2 Be7 8. Nf3 Nf6 9. O-O O-O 10. b4 e4 11. dxe4 Nxe4 12. b5 Nb8 13. Bf4 Bf6 14. Be5 Bxe5 15. Nxe5 Nf6 16. Nf3 Be6 17. Qxd4 Nbd7 18. Ng5 Nb6 19. Nxe6 fxe6 20. Qxd8 Raxd8 21. Nxb6 axb6 22. Bxb7 Rd2 23. Bf3 Rfd8 24. a4 e5 25. e3 e4 26. Bg2 Ra8 27. Rfc1 Rf8 28. h3 Nd7 29. Rf1 Nc5 30. a5 Nb3 31. axb6 Nxa1 32. bxc7 Nb3 33. Bxe4 Nc5 34. Bf5 Nd7 35. Be6+ Kh8 36. c5 Re8 37. Rc1 g5 38. b6 Rf8 39. b7 Rfxf2 40. c8=Q+ Kg7 41. Qxd7+ Rxd7 42. Bxd7 Rb2 43. c6 Rb1 44. Rxb1 g4 45. c7 gxh3 46. c8=Q h2+ 47. Kxh2 h5 48. Qc5 h4 49. Rb6 hxg3+ 50. Kg2 Kh8 51. Qd4+ Kg8 52. Qg4+ Kf8 53. Rf6+ Ke7 54. Qg7+ Kd8 55. Rf8+ Kc7 56. Bg4+ Kd6 57. Rf6+ Kd5 58. Qg5+ Ke4 59. Qf4+ Kd3 60. Rd6+ Kc2 61. Qc4+ Kb1 62. Rb6+ Ka1 63. Qa6# 1-0


[Site "https://www.chess.com"]

[Event "Titled Tuesday Blitz January 31 Late 2023"]
[White "Quispe Arteaga, Gabriel"]
[Black "Richter, Paul"]
[WhiteFideId "32059809"]
[BlackFideId "2046350"]
[WhiteElo "2381"]
[BlackElo "2171"]
[Result "1-0"]
[Round "06"]
[TimeControl "180+2"]
[Date "2023.01.31"]
[WhiteClock "0:00:18"]
[BlackClock "0:00:02"]

1. c4 Nf6 2. Nc3 g6 3. g3 Bg7 4. Bg2 O-O 5. e4 e5 6. Nge2 d6 7. O-O Nbd7 8. d3 a5 9. h3 Nc5 10. Be3 c6 11. a3 Ne6 12. b4 axb4 13. axb4 Rxa1 14. Qxa1 c5 15. Qa3 Nd4 16. Rc1 b6 17. Bg5 Be6 18. Nxd4 exd4 19. Nb5 Qd7 20. Kh2 Rb8 21. Bf4 Ne8 22. Ra1 h6 23. bxc5 bxc5 24. Qa7 Rb7 25. Qa8 Kh7 26. e5 d5 27. cxd5 Bxd5 28. Bxd5 Qxd5 29. Qxe8 Qf3 30. Kg1 g5 31. Bd2 Qxd3 32. Nd6 Rb2 33. Ra8 Rb1+ 34. Kh2 Qf1 35. Qg8+ Kg6 36. Qxf7+ Kh7 37. Qf5# 1-0


[Site "https://www.chess.com"]

[Event "Titled Tuesday Blitz January 31 Late 2023"]
[White "Moral Garcia, Serafin"]
[Black "Timmermans, Mark"]
[WhiteFideId "2201925"]
[BlackFideId "1026399"]
[WhiteElo "2238"]
[BlackElo "2392"]
[Result "0-1"]
[Round "06"]
[TimeControl "180+2"]
[Date "2023.01.31"]
[WhiteClock "0:01:41"]
[BlackClock "0:02:09"]

1. e4 e5 2. Nf3 Nc6 3. Bb5 f5 4. d3 fxe4 5. dxe4 Nf6 6. O-O d6 7. Nc3 Be7 8. Qd3 O-O 9. Bg5 Kh8 10. Bc4 Bg4 11. h3 Bh5 12. Rfe1 Bxf3 13. Qxf3 Nd5 14. Bxe7 Ncxe7 15. Qd1 Nxc3 16. bxc3 Ng6 17. Re3 Qh4 18. Bd5 Qxf2+ 0-1


[Site "https://www.chess.com"]

[Event "Titled Tuesday Blitz January 31 Late 2023"]
[White "Rakhmatullaev, Almas"]
[Black "Dobrikov, Marco"]
[WhiteFideId "14205793"]
[BlackFideId "12950378"]
[WhiteElo "2275"]
[BlackElo "2269"]
[Result "1-0"]
[Round "06"]
[TimeControl "180+2"]
[Date "2023.01.31"]
[WhiteClock "0:01:42"]
[BlackClock "0:00:19"]

1. e4 c5 2. c3 Nf6 3. e5 Nd5 4. d4 cxd4 5. Qxd4 e6 6. Nf3 Nc6 7. Qe4 f5 8. Qe2 Be7 9. g3 b6 10. Bg2 Bb7 11. O-O O-O 12. Rd1 Qc7 13. c4 Ndb4 14. a3 Na6 15. b4 Nab8 16. Nc3 a5 17. Nb5 Qc8 18. Be3 axb4 19. axb4 Rxa1 20. Rxa1 Nxb4 21. Bxb6 N8a6 22. Be3 Be4 23. Nd6 Bxd6 24. exd6 Bd3 25. Qb2 Bxc4 26. Bd4 g6 27. Bh8 Rf7 28. Ng5 Nd3 29. Qc3 Qc5 30. Nxf7 e5 31. Nxe5 Qxf2+ 32. Kh1 Nf4 33. Qxc4+ Kf8 34. Qf7# 1-0


[Site "https://www.chess.com"]

[Event "Titled Tuesday Blitz January 31 Late 2023"]
[White "O`Gorman, Tom"]
[Black "Paveto, Kevin"]
[WhiteFideId "2508249"]
[BlackFideId "173444"]
[WhiteElo "2355"]
[BlackElo "2427"]
[Result "1-0"]
[Round "06"]
[TimeControl "180+2"]
[Date "2023.01.31"]
[WhiteClock "0:00:09"]
[BlackClock "0:00:17"]

1. d4 Nf6 2. c4 g6 3. Nf3 Bg7 4. g3 d5 5. Bg2 dxc4 6. O-O Ne4 7. Qc2 Nd6 8. e4 O-O 9. Nc3 Nc6 10. Rd1 Nb4 11. Qe2 Nd3 12. Be3 c6 13. b3 b5 14. bxc4 bxc4 15. Rab1 Ba6 16. Qc2 Nb5 17. Nxb5 cxb5 18. d5 e5 19. a3 Qd6 20. Bf1 Rfc8 21. Bxd3 cxd3 22. Qb3 Rc4 23. Nd2 Ra4 24. Ra1 Bf8 25. Qxd3 b4 26. Nc4 Bxc4 27. Qxc4 Rxa3 28. Rxa3 bxa3 29. Qc6 Rd8 30. Qa4 a6 31. Rc1 Qd7 32. Qxa6 Qg4 33. Qa4 Rxd5 34. h3 Rd4 35. Bxd4 Qxe4 36. Rc8 exd4 37. Qxa3 Qe1+ 38. Kg2 Qe4+ 39. Kh2 Kg7 40. Qxf8+ Kf6 41. Qh8+ Kg5 42. Rc5+ f5 43. Qd8+ Kh6 44. Qh4+ Qxh4 45. gxh4 Kh5 46. Rd5 Kxh4 47. Rxd4+ Kg5 48. Kg3 Kh5 49. h4 h6 50. Rd5 1-0


[Site "https://www.chess.com"]